 Seeded DCSS version 0.27-a0-412-g8dd771eca2 (webtiles) character file.

Game seed: 4444 (custom seed)

2 Snicker the Sneak (level 1, -3/18 HPs)
             Began as a Demonspawn Delver on Feb 23, 2021.
             Killed by divine providence
             ... invoked by an orc priest
              (15 damage)
             ... on level 5 of the Dungeon.
             The game lasted 00:00:15 (20 turns).

Snicker the Sneak (Demonspawn Delver)                 Turns: 20, Time: 00:00:16

Health: -3/18      AC:  3    Str: 12    XL:     1   Next: 33%
Magic:  1/1        EV: 12    Int: 11    God:
Gold:   0          SH:  0    Dex: 14    Spells: 0/0 levels left

rFire    . . .     SeeInvis .   a - +0 hand axe
rCold    . . .     Faith    .   (no shield)
rNeg     . . .     Spirit   .   b - +0 leather armour
rPois    .         Reflect  .   (no helmet)
rElec    .         Harm     .   (no cloak)
rCorr    .         Rampage  .   (no gloves)
Will     .....                  (no boots)
Stlth    +++.......             (no amulet)
HPRegen  0.06/turn              (no ring)
MPRegen  0.07/turn              (no ring)

@: no status effects
A: no striking features
a: no special abilities


You were on level 5 of the Dungeon.
You visited 1 branch of the dungeon, and saw 1 of its levels.

Inventory:

Hand Weapons
 a - a +0 hand axe (weapon)
Armour
 b - a +0 leather armour (worn)
Wands
 g - a wand of digging (3)
Scrolls
 c - a scroll of fog
 d - a scroll of magic mapping
 e - a scroll of fear
Potions
 f - a potion of haste


   Skills:
 + Level 3.0 Fighting
 + Level 1.7 Axes
 + Level 1.7 Dodging
 + Level 4.6 Stealth


You couldn't memorise any spells.
You didn't know any spells.
Your spell library was empty.

Dungeon Overview and Level Annotations

Branches:
Dungeon (5/15)
 Temple: D:4-7

Altars:


Message History

An orc comes into view. It is wielding a +0 whip.
The jackal completely misses you. The jackal barely misses you.
The jackal bites you but does no damage.
The jackal bites you. The jackal closely misses you.
The orc wizard points at you and mumbles some strange words.
You resist with significant effort. The jackal completely misses you.
Found a scroll labelled TASHED SOXUAT.
The jackal bites you.
The jackal bites you but does no damage.
Found 15 gold pieces.
The jackal bites you but does no damage. x2
The jackal closely misses you.
Found 15 gold pieces.
You barely miss the jackal.
The jackal is lightly wounded.
You completely miss the jackal. You barely miss the jackal.
The jackal bites you but does no damage. x2
The jackal bites you.
You hit the jackal.
The jackal is severely wounded.
You hit the jackal.
You kill the jackal!
The jackal misses you. The jackal barely misses you.
You hit the jackal.
You kill the jackal!
You hit the jackal. The jackal closely misses you.
An orc priest comes into view. It is wielding a +0 falchion.
The jackal completely misses you. The jackal bites you.
You see here a jackal corpse.
The orc priest shouts!
The orc shouts!
You hit the jackal.
You kill the jackal!
The orc priest calls down the wrath of Beogh upon you.
Beogh smites you!
Ouch! That really hurt!
You die...

####.#.......
.♣..#...#..#
.......... .....$.#
# #####......#.#
#...........$# #.
.#............# #.
......#.@# ...#
##.. #..##o##....#
...). #....##....#
.....###....#....?.
......#$...........
........o..........
....<.............#
......o.......)....
#................##


You could see an orc priest, an orc wizard and an orc.

Vanquished Creatures
  3 jackals (D:5)
3 creatures vanquished.

Notes
Turn   | Place    | Note
-------+----------+-------------------------------------------
     0 | D:5      | Snicker the Demonspawn Delver began the quest for the Orb.
     0 | D:5      | Reached XP level 1. HP: 18/18 MP: 1/1
     4 | D:5      | Noticed an orc wizard
    18 | D:5      | Noticed an orc priest
    20 | D:5      | Killed from afar by an orc priest

Illustrated notes

Levels and vault maps discovered:
D:5:      layout_cave_pools, lemuel_round_altar, kennysheep_little_box,
          lightli_ossuary_entry_decrepit_ruins, chequers_avenue,
          lemuel_tele_altar

Action                   || total
-------------------------++-------
Melee: Hand axe          ||     7
Armor: Leather armour    ||     7
Dodge: Dodged            ||    11

Table legend: (Time is in decaauts)
 A = Elapsed time spent in this place.
 B = Non-inter-level travel time spent in this place.
 C = Inter-level travel time spent in this place.
 D = Time resting spent in this place.
 E = Time spent auto-exploring this place.
 F = Levels seen in this place.
 G = Mean time per level.
                   A        B        C        D        E       F      G
               +--------+--------+--------+--------+--------+-----+--------+
         Total |     21 |     21 |      0 |      0 |      0 |   1 |   21.0 |
       Dungeon |     21 |     21 |      0 |      0 |      0 |   1 |   21.0 |
               +--------+--------+--------+--------+--------+-----+--------+

Top non-repeatable levels by time:
     D:5: 21 daAuts
